 Dungeon Crawl Stone Soup version 0.31-a0-4-gefa6de2278 (webtiles) character file.

Game seed: 11839600850416901530

292510 tilp the Warrior (level 22, -14/203 HPs)
             Began as a Meteoran Earth Elementalist on Apr 26, 2023.
             Was the Champion of Vehumet.
             Killed from afar by a fire dragon (29 damage)
             ... with a blast of flame
             ... on level 1 of the Depths on May 3, 2023.
             The game lasted 02:21:37 (17673 turns).

tilp the Warrior (Meteoran Earth Elementalist)     Turns: 17673, Time: 02:21:38

Health: -14/203    AC: 18    Str: 12    XL:     22   Next: 66%
Magic:  44/51      EV: 16    Int: 26    God:    Vehumet [******]
Gold:   1077       SH:  0    Dex: 16    Spells: 4/51 levels left

rFire   . . .        a - staff of conjuration
rCold   + . .        h - crystal ball of Wucad Mu {*channel}
rNeg    . . .        b - +1 robe {Will+}
rPois   .            Q - +2 helmet {SInv}
rElec   .            V - +2 cloak of Insurance {rC+}
rCorr   .            s - +1 pair of gloves
SInv    +            E - +1 pair of boots
Will    +++..        O - amulet of regeneration
Stlth   +            i - ring of magical power
HPRegen 1.33/turn    o - +4 ring of protection
MPRegen 0.32/turn

%: channel magic (40%)
@: glowing, studying Staves
A: sense surroundings 3, otherworldly, glowing, explore regen
}: 2/15 runes: serpentine, barnacled
a: Renounce Religion


You were on level 1 of the Depths.
You worshipped Vehumet.
Vehumet was exalted by your worship.
You visited 8 branches of the dungeon, and saw 36 of its levels.
You also visited: Bailey, Gauntlet, Wizlab and Desolation.

You collected 2525 gold pieces.
You spent 1448 gold pieces at shops.

Inventory:

Missiles
 q - 30 boomerangs
 L - 2 silver boomerangs
 N - 7 throwing nets
 R - a curare-tipped dart (quivered)
Armour
 b - a +1 robe of willpower (worn)
 h - the crystal ball of Wucad Mu (worn) {*channel}
   (You found it in a wizard's laboratory)

   *Channel:  It often returns the magic spent to cast spells, but lowers their
   success rate.
   It always returns the magic spent on miscasts.
 s - a +1 pair of gloves (worn)
 z - a +2 cloak of poison resistance
 E - a +1 pair of boots (worn)
 Q - a +2 helmet of see invisible (worn)
 T - a +1 leather armour of fire resistance
 V - the +2 cloak of Insurance (worn) {rC+}
   (You found it on level 3 of the Shoals)

   rC:        It protects you from cold.
Magical Staves
 a - a staff of conjuration (weapon)
Jewellery
 i - a ring of magical power (left hand)
 k - a ring of see invisible
 l - a ring of willpower
 o - a +4 ring of protection (right hand)
 t - a ring of protection from cold
 O - an amulet of regeneration (around neck)
Wands
 x - a wand of iceblast (7)
 y - a wand of charming (37)
 H - a wand of polymorph (4)
 K - a wand of digging (1)
 M - a wand of light (4)
 Z - a wand of flame (32)
Scrolls
 c - 5 scrolls of fear
 f - 7 scrolls of vulnerability
 g - 2 scrolls of silence
 r - 4 scrolls of poison
 u - 4 scrolls of fog
 v - 9 scrolls of amnesia
 A - 3 scrolls of blinking
 F - a scroll of magic mapping
 P - 3 scrolls of summoning
 W - 5 scrolls of teleportation
Potions
 d - 9 potions of magic
 e - 8 potions of attraction
 j - 10 potions of curing
 m - 6 potions of might
 n - 6 potions of mutation
 p - 2 potions of heal wounds
 w - a potion of cancellation
 B - 2 potions of resistance
 C - 6 potions of haste
 D - 3 potions of brilliance
 G - 5 potions of berserk rage
 I - 5 potions of flight
 J - 4 potions of ambrosia
 S - 2 potions of lignification
Miscellaneous
 U - a condenser vane
 X - a box of beasts
 Y - a phial of floods


   Skills:
 * Level 18.5 Fighting
 - Level 10.0 Short Blades
 + Level 12.3 Staves
 + Level 6.4 Throwing
 + Level 5.6 Armour
 + Level 8.4 Dodging
 - Level 1.4 Stealth
 + Level 15.2 Spellcasting
 * Level 18.4 Conjurations
 - Level 4.0 Hexes
 + Level 3.0 Summonings
 - Level 1.2 Transmutations
 - Level 4.0 Ice Magic
 - Level 4.0 Air Magic
 * Level 18.3 Earth Magic
 + Level 12.2 Evocations


You had 4 spell levels left.
You knew the following spells:

 Your Spells              Type           Power      Damage    Failure   Level
a - Lehudib's Crystal Sp  Conj/Erth      53%        10d13     7%          8
b - Stone Arrow           Conj/Erth      100%       3d13      1%          3
c - Animate Armour        Summ/Erth      100%       N/A       2%          4
d - Iron Shot             Conj/Erth      53%        9d10      1%          6
e - Fulminant Prism       Conj/Hex       43%        3d19      1%          4
f - Freezing Cloud        Conj/Ice/Air   39%        6-21      2%          5
g - Lee's Rapid Deconstr  Erth           43%        3d21*     1%          5
h - Iskenderun's Battles  Conj           100%       2d15      1%          5
i - Orb of Destruction    Conj           53%        9d13      1%          7

Your spell library contained the following spells:

 Spells                   Type           Power      Damage    Failure   Level
 Chain Lightning          Conj/Air       43%        3d58      100%        9
 Fire Storm               Conj/Fire      39%        8d10      100%        9
 Polar Vortex             Ice            20%        N/A       100%        9
 Sandblast                Erth           100%       2d20      1%          1
 Passwall                 Tmut/Erth      52%        N/A       1%          2
 Static Discharge         Conj/Air       100%       2-7/arc   1%          2
 Flame Wave               Conj/Fire      79%        2d17      1%          4
 Sticky Flame             Conj/Fire      79%        2d9       1%          4
 Leda's Liquefaction      Hex/Erth       33%        N/A       2%          4
 Scorch                   Fire           38%        2d7       3%          2
 Inner Flame              Hex/Fire       30%        N/A       3%          3
 Petrify                  Tmut/Erth      63%        N/A       3%          4
 Summon Small Mammal      Summ           100%       N/A       4%          1
 Airstrike                Air            20%        2d(3-19)  4%          4
 Summon Guardian Golem    Hex/Summ       38%        N/A       8%          3
 Call Canine Familiar     Summ           35%        N/A       9%          3
 Necrotise                Necr           76%        1d7       10%         1
 Wereblood                Tmut           26%        N/A       10%         2
 Portal Projectile        Hex/Tloc       60%        N/A       12%         3
 Vhi's Electric Charge    Tloc/Air       60%        N/A       12%         3
 Sublimation of Blood     Necr           19%        N/A       13%         2
 Cause Fear               Hex            20%        N/A       16%         4
 Summon Lightning Spire   Summ/Air       38%        N/A       17%         4
 Vampiric Draining        Necr           19%        2d7       22%         3
 Anguish                  Hex/Necr       15%        N/A       28%         4
 Arcjolt                  Conj/Air       43%        1d53      1%          5
 Yara's Violent Unravell  Hex/Tmut       16%        3d8       14%         5
 Spellforged Servitor     Conj/Summ      42%        N/A       16%         7
 Statue Form              Tmut/Erth      42%        N/A       21%         6
 Plasma Beam              Fire/Air       15%        2x1d29    56%         6
 Blade Hands              Tmut           13%        N/A       63%         5
 Agony                    Necr           19%        N/A       78%         5
 Summon Cactus Giant      Summ           17%        N/A       89%         6
 Enfeeble                 Hex            20%        N/A       100%        7
 Summon Hydra             Summ           17%        N/A       100%        7


Dungeon Overview and Level Annotations

Branches:
Dungeon (15/15) Zot: 1375  Temple (1/1) D:5 Zot: 550    Lair (5/5) D:11 Zot: 108
 Shoals (4/4) Lair:3 Zot: 331   Snake (4/4) Lair:3 Zot: 634   Slime (0/5) Lair:4
    Orc (2/2) D:12 Zot: 264     Elf (0/3) Orc:2        Vaults (4/5) D:13 Zot: 1454
 Depths (1/4) D:15 Zot: 240  Bailey (visited)          WizLab (visited)
Desolation (visited)      Gauntlet (visited)
  Crypt: Vaults:2-3

Altars:
Ashenzari
Cheibriados
Dithmenos
Elyvilon
Gozag
Kikubaaqudgha
Makhleb
Nemelex Xobeh
Okawaru
Qazlal
Ru
Trog
Vehumet
Wu Jian
Xom
Yredelemnul
Zin
The Shining One
Jiyva
Lugonu

Shops:
D:9 ??*[!   D:10 (=[!   D:15 *   Snake:4 ==

Portals:
Abyss: Lair:5
Ziggurat: Depths:1
Trove: D:15 (give +2 gold dragon scales)

Annotations:
D:3 3 runed translucent doors, makewrite's ghost, amateur MiFi
D:6 Dowan


Innate Abilities, Weirdness & Mutations

You passively map a large area around you.
You are easily found by Zot.
You glow in the dark.
You regain HP and MP as you explore.


Message History

A green very ugly thing comes into view.
A green very ugly thing comes into view.
Your magical effects are unravelling.
You feel magically purged.
The sentinel's mark upon you fades away.
A green very ugly thing comes into view. x2
A green ugly thing comes into view.
The dread lich casts a spell.
Blink to where?
Press: ? - help, Dir - move target
As you read the scroll of blinking, it crumbles to dust.
The Ice Fiend calls on the powers of darkness!
Your body is wracked with pain!
* * * LOW HITPOINT WARNING * * *
A fire dragon comes into view.
Casting: Iron Shot (mildly dangerous; 1% risk of failure)
Confirm with . or Enter, or press ? or * to list all spells.
Aiming: Lehudib's Crystal Spear (dangerous; 7% risk of failure)
Press: ? - help, Shift-Dir - straight line, f - hell beast
Aim: a hell beast (summoned, 74% to hit)
You feel a surge of power!
The crystal spear misses the hell beast.
The hell beast bites you but does no damage.
The hell beast tramples you!
* * * LOW HITPOINT WARNING * * *
You stumble backwards!
The hell beast bites you but does no damage.
The hell beast barely misses you.
Unknown command.
Casting: Lehudib's Crystal Spear (dangerous; 7% risk of failure)
Confirm with . or Enter, or press ? or * to list all spells.
Aiming: Iron Shot (mildly dangerous; 1% risk of failure)
Press: ? - help, Shift-Dir - straight line, f/p - hell beast
Aim: a hell beast (summoned, 69% to hit)
You feel a surge of power!
The iron shot hits the hell beast!!!
The hell beast is severely wounded.
Magical energy flows into your mind! The fire dragon breathes flames at you.
The blast of flame hits you!!
You die...

.....#########.(.......## *
###.....................#
#..).#####............# **
#.........##..........# ###
#......... ##.....D...###.###
#....###..............##.[..##*
###.## # ................#...##
#..#..#####.........#####§.. *
....# #@.#......#1..#... **#...##
##2.#....##L1.##.. ##.(..##
##.#.....#LL.#... # ##......#
#.......#####..u # #.......#
###.###...#..... # #.......## ###
##........ ######..†...<.#
##........u ....#.........#
#..........
###.#.......#############........


You could see a fire dragon (catching breath) and a hell beast (summoned).

Vanquished Creatures
  Mara (Shoals:3)
  Saint Roka (Snake:2)
  Bai Suzhen (Vaults:3)
  Nikola (Vaults:2)
  Jorgrun (Shoals:3)
  Polyphemus (Shoals:3)
  Kirke (D:15)
  Roxanne (Shoals:1)
  A storm dragon (Shoals:4)
  Ilsuiw (Shoals:2)
  5 nagarajas (Snake:4)
  A frost giant (Depths:1)
  A fire giant (Depths:1)
  3 imperial myrmidons (Desolation)
  A vault warden (Vaults:1)
  A caustic shrike zombie (D:15)
  Louise (Shoals:2)
  An orc warlord (Orc:2)
  A balrug (Gauntlet)
  11 ironbound preservers
  A war gargoyle (Vaults:3)
  4 very ugly things (Depths:1)
  3 ironbound thunderhulks
  3 stone giants (Depths:1)
  A vampire knight (Depths:1)
  4 spark wasps (Depths:1)
  A minotaur (Gauntlet)
  Azrael (Orc:2)
  Snorg (Lair:4)
  3 merfolk javelineers (Shoals:4)
  3 ettins
  4 merfolk impalers
  7 ragged hierophants
  2 fire dragons
  4 yaktaur captains
  Harold (Lair:2)
  5 servants of whispers (Desolation)
  2 great orbs of eyes (Vaults:1)
  5 salamander tyrants (Snake:4)
  2 ice dragons (Depths:1)
  An ironbound frostheart (Vaults:1)
  8 hydras
  6 anacondas
  A peacekeeper (Desolation)
  6 centaur warriors
  3 merfolk aquamancers
  7 naga warriors
  2 boulder beetles
  4 two-headed ogres
  A vampire mage (D:15)
  3 catoblepae
  A deep troll shaman (Depths:1)
  5 orc high priests
  5 death yaks
  A tengu warrior (D:15)
  6 shock serpents
  3 thrashing horrors (Lair:5)
  2 spriggan berserkers (Depths:1)
  A deep elf knight (D:13)
  12 naga sharpshooters
  A fire crab (shapeshifter) (D:15)
  An iron troll (Depths:1)
  2 salamander mystics (Snake:4)
  8 skeletal warriors
  2 large abominations (Lair:5)
  4 skysharks
  25 deep trolls
  10 sea snakes
  2 phantasmal warriors (Depths:1)
  2 orange crystal statues
  3 naga ritualists
  A wolf spider (D:15)
  14 harpies
  2 necromancers
  12 cyclopes
  2 wizards
  3 deep elf pyromancers
  9 ironbound convokers
  7 mana vipers
  4 orc knights
  4 orc sorcerers
  A deep elf zephyrmancer (D:13)
  A fire giant zombie (D:15)
  2 fauns (Shoals:1)
  7 manticores
  4 salamanders
  A tengu skeleton (Vaults:2)
  16 ugly things
  21 elephants
  8 merfolk sirens
  2 torpor snails (Lair:4)
  14 naga magi
  A guardian serpent (Desolation)
  26 black mambas
  Joseph (D:10)
  9 cane toads
  9 water nymphs
  2 molten gargoyles
  3 vault sentinels
  2 centaur zombies (D:15)
  An elf skeleton (Vaults:2)
  2 smoke demons (Lair:5)
  2 rime drakes (Gauntlet)
  A gargoyle (D:10)
  Maggie (Lair:2)
  2 unseen horrors
  2 kobold demonologists
  5 yaktaurs (Vaults:1)
  An efreet (D:11)
  6 komodo dragons
  3 ancient zymes (Lair:5)
  3 trolls
  3 meliai (D:15)
  5 wind drakes
  16 merfolk
  20 saltlings
  3 polar bears
  14 blink frogs
  A snapping turtle (shapeshifter) (D:11)
  10 small abominations (Lair:5)
  8 snapping turtles
  A centaur simulacrum (Gauntlet)
  2 air elementals (Shoals:4)
  4 wraiths
  A culicivora (shapeshifter) (D:13)
  5 shadows
  6 wyverns
  10 slime creatures
  18 water elementals
  3 ynoxinuls (Lair:5)
  A human (D:15)
  46 yaks
  5 fire elementals (Orc:2)
  2 steam dragons
  10 basilisks
  4 hogs (D:15)
  8 vampire mosquitoes
  2 chaos spawn (Lair:5)
  Menkaure (D:7)
  2 glowing shapeshifter zombies (D:15)
  42 nagas
  2 wargs (Orc:2)
  5 hell hounds
  An acid dragon (D:9)
  8 water moccasins
  A glowing shapeshifter skeleton (Vaults:2)
  2 hornet zombies (D:15)
  Duvessa (D:6)
  2 swamp drakes (Lair:3)
  24 orc warriors
  2 ice beasts (D:6)
  A black bear (D:11)
  3 ogres
  2 sky beasts
  2 boggarts
  22 wolves
  8 centaurs
  4 bullfrogs
  2 kobold brigands (D:13)
  2 scorpions
  A cane toad simulacrum (Gauntlet)
  4 wights (D:8)
  5 killer bees
  A howler monkey (D:9)
  7 jellies
  4 lava snakes (Lair:3)
  15 orc priests
  3 hounds
  Crazy Yiuf (D:4)
  A gnoll bouda (D:5)
  2 sleepcaps
  Jessica (D:3)
  A boggart zombie (D:15)
  7 hell rats (Lair:3)
  5 iguanas
  25 orc wizards
  16 gnolls
  2 adders
  A shadow imp (D:5)
  A white imp (D:6)
  2 ufetubi (D:6)
  4 worms
  66 orcs
  4 ball pythons
  4 bats (D:1)
  2 giant cockroaches
  5 hobgoblins
  10 jackals
  18 kobolds
  2 quokkas
  5 frilled lizards
  6 goblins
  3 rats (D:1)
1029 creatures vanquished.

Vanquished Creatures (collateral kills)
  An orc knight (Orc:2)
  A harpy (Shoals:1)
  An orc sorcerer (Orc:2)
  A wind drake (Shoals:3)
  An orc warrior (Orc:2)
  2 orc wizards (Orc:2)
  2 orcs (Orc:2)
  A goblin (Bailey)
10 creatures vanquished.

Vanquished Creatures (others)
  A ragged hierophant (Desolation)
  A harpy (Shoals:1)
  An orc (Orc:2)
  11 fulminant prisms
  17 fungi
  86 plants
  12 withered plants (D:15)
129 creatures vanquished.

Grand Total: 1168 creatures vanquished

Notes
Turn   | Place    | Note
-------+----------+-------------------------------------------
     0 | D:1      | tilp the Meteoran Earth Elementalist began the quest for
                  | the Orb.
     0 | D:1      | Reached XP level 1. HP: 14/14 MP: 5/5
   107 | D:1      | Reached XP level 2. HP: 22/22 MP: 2/6
   157 | D:1      | Reached skill level 1 in Fighting
   318 | D:2      | Identified a scroll of acquirement
   318 | D:2      | Acquired a book of Iron
   327 | D:1      | Found a faded altar of an unknown god.
   396 | D:2      | Reached XP level 3. HP: 28/28 MP: 6/8
   415 | D:2      | Learned a level 3 spell: Stone Arrow
   459 | D:2      | Identified the +11 dagger of the Last Wars {venom, rN+
                  | rCorr Int-2}
   579 | D:3      | Reached XP level 4. HP: 36/36 MP: 9/9
   634 | D:3      | Noticed Jessica
   851 | D:3      | Killed Jessica
   852 | D:3      | Reached skill level 1 in Short Blades
   852 | D:3      | Reached XP level 5. HP: 26/41 MP: 10/10
   948 | D:3      | Found a runed translucent gate.
   949 | D:3      | Noticed makewrite's ghost (amateur MiFi)
   950 | D:3      | Found a runed translucent gate.
   950 | D:3      | Found a runed translucent gate.
  1051 | D:4      | Found a shimmering altar of Xom.
  1061 | D:4      | Reached skill level 1 in Throwing
  1061 | D:4      | Reached skill level 1 in Conjurations
  1219 | D:5      | Entered Level 5 of the Dungeon
  1313 | D:4      | Reached XP level 6. HP: 50/50 MP: 11/11
  1477 | D:4      | Reached skill level 5 in Earth Magic
  1511 | D:4      | Noticed an ogre
  1517 | D:4      | Killed an ogre
  1518 | D:4      | Reached XP level 7. HP: 57/57 MP: 13/13
  1593 | D:4      | Found a runed translucent door.
  1594 | D:4      | Noticed Crazy Yiuf
  1600 | D:4      | Killed Crazy Yiuf
  1723 | D:5      | Found a staircase to the Ecumenical Temple.
  1735 | Temple   | Entered the Ecumenical Temple
  1767 | Temple   | Became a worshipper of Vehumet
  1881 | D:6      | Noticed Dowan
  1881 | D:6      | Noticed Duvessa
  1889 | D:6      | Killed Duvessa
  1938 | D:5      | Reached XP level 8. HP: 29/66 MP: 4/14
  2300 | D:6      | Reached * piety under Vehumet
  2300 | D:6      | Offered knowledge of Foxfire by Vehumet.
  2357 | D:7      | Gained mutation: You passively map the area around you.
                  | [Meteoran growth]
  2357 | D:7      | Reached XP level 9. HP: 66/71 MP: 17/17
  2385 | D:7      | Reached skill level 5 in Spellcasting
  2410 | D:7      | Learned a level 4 spell: Animate Armour
  2465 | D:8      | Reached skill level 5 in Dodging
  2543 | D:7      | Reached skill level 1 in Summonings
  2595 | D:7      | Found a stormy altar of Qazlal.
  2615 | D:7      | Noticed Menkaure
  2623 | D:7      | Killed Menkaure
  2640 | D:8      | Found a snail-covered altar of Cheibriados.
  2800 | D:8      | Found an ancient bone altar of Kikubaaqudgha.
  2804 | D:8      | Found a glowing golden altar of the Shining One.
  2805 | D:8      | Found a bloodstained altar of Trog.
  2896 | D:8      | Reached skill level 1 in Evocations
  2957 | D:8      | Offered knowledge of Momentum Strike by Vehumet.
  2958 | D:8      | Reached skill level 5 in Conjurations
  2958 | D:8      | Reached XP level 10. HP: 77/80 MP: 14/19
  2981 | D:8      | Reached ** piety under Vehumet
  2995 | D:9      | Found a flagged portal.
  3007 | D:9      | Reached skill level 5 in Fighting
  3013 | D:9      | Found Yruciw's Magic Scroll Emporium.
  3055 | D:9      | Bought a scroll of immolation for 44 gold pieces
  3055 | D:9      | Bought a scroll of blinking for 82 gold pieces
  3055 | D:9      | Bought a scroll of identify for 22 gold pieces
  3055 | D:9      | Bought a scroll of enchant armour for 82 gold pieces
  3055 | D:9      | Bought a scroll of identify for 22 gold pieces
  3055 | D:9      | Bought a scroll of identify for 22 gold pieces
  3072 | Bailey   | Entered a bailey
  3089 | Bailey   | Noticed an orc warlord
  3182 | Bailey   | Reached skill level 5 in Short Blades
  3202 | Bailey   | Found a runed translucent gate.
  3204 | Bailey   | Found a runed translucent gate.
  3205 | Bailey   | Found a runed translucent gate.
  3219 | Bailey   | Offered knowledge of Mephitic Cloud by Vehumet.
  3403 | D:9      | Reached skill level 5 in Evocations
  3403 | D:9      | Reached XP level 11. HP: 83/94 MP: 22/22
  3404 | D:9      | Identified the +6 hand axe of Dim Light {heavy, rElec rC+
                  | Int+2 Stlth+}
  3414 | D:9      | Learned a level 6 spell: Iron Shot
  3484 | D:9      | Found Uttublim's Assorted Antiques.
  3489 | D:9      | Reached skill level 10 in Earth Magic
  3497 | D:8      | Reached *** piety under Vehumet
  3721 | D:10     | Entered Level 10 of the Dungeon
  3721 | D:10     | Found Wasu's Jewellery Boutique.
  3816 | D:9      | Reached skill level 1 in Armour
  3823 | D:9      | Bought a red potion for 27 gold pieces
  3823 | D:9      | Bought a red potion for 27 gold pieces
  3823 | D:9      | Bought a glowing silvery potion for 27 gold pieces
  3839 | D:9      | Found Riehuq's Armour Shop.
  3847 | D:9      | Found Pitecugu's Distillery.
  3854 | D:9      | Bought a +0 pair of boots for 58 gold pieces
  3871 | D:9      | Found a broken altar of Ashenzari.
  3894 | D:9      | Found Midachih's Magic Scroll Shop.
  4018 | D:10     | Found Xigieb's Antique Weapon Shop.
  4081 | D:10     | Reached XP level 12. HP: 103/103 MP: 23/24
  4167 | D:10     | Found Buaghe Uschugh's Antique Armour Shop.
  4239 | D:10     | Offered knowledge of Fulminant Prism by Vehumet.
  4250 | D:10     | Learned a level 4 spell: Fulminant Prism
  4288 | D:10     | Found Joaf's Distillery.
  4382 | D:10     | Found a basalt altar of Yredelemnul.
  4468 | D:10     | Noticed Joseph
  4488 | D:10     | Killed Joseph
  4659 | D:10     | Upgraded the game from 0.30-a0-1160-g6e42c06551 to
                  | 0.30-a0-1161-g0704695555
  4693 | D:11     | Noticed a wizard
  4693 | D:11     | Noticed a two-headed ogre
  4694 | D:11     | Noticed an eight-headed hydra
  4701 | D:11     | Killed a two-headed ogre
  4705 | D:11     | Killed an eight-headed hydra
  4706 | D:11     | Reached skill level 10 in Conjurations
  4708 | D:11     | Killed a wizard
  4712 | D:11     | Noticed a two-headed ogre
  4716 | D:11     | Killed a two-headed ogre
  4768 | D:11     | Found a staircase to the Lair.
  4768 | D:11     | Noticed a two-headed ogre
  4787 | D:11     | Killed a two-headed ogre
  4855 | D:11     | Reached **** piety under Vehumet
  4920 | D:11     | Reached XP level 13. HP: 104/113 MP: 26/26
  4926 | D:11     | Reached skill level 10 in Fighting
  5060 | D:11     | Offered knowledge of Freezing Cloud by Vehumet.
  5067 | D:11     | Learned a level 5 spell: Freezing Cloud
  5337 | D:12     | Noticed a two-headed ogre
  5341 | D:12     | Killed a two-headed ogre
  5391 | D:12     | Reached skill level 5 in Armour
  5664 | D:12     | Reached skill level 1 in Ice Magic
  5664 | D:12     | Reached skill level 1 in Air Magic
  5792 | D:12     | Found a staircase to the Orcish Mines.
  5830 | D:12     | Reached skill level 1 in Hexes
  5914 | Lair:1   | Entered Level 1 of the Lair of Beasts
  6072 | Lair:2   | Noticed Maggie
  6079 | Lair:2   | Killed Maggie
  6150 | Lair:2   | Reached XP level 14. HP: 104/126 MP: 22/28
  6230 | Lair:2   | Noticed Harold
  6235 | Lair:2   | Killed Harold
  6243 | Lair:2   | Reached ***** piety under Vehumet
  6465 | Lair:2   | Offered knowledge of Eringya's Noxious Bog by Vehumet.
  6666 | Lair:3   | Found a staircase to the Snake Pit.
  6905 | Lair:4   | Found a gate leading to a gauntlet.
  6907 | Lair:4   | Found a viscous altar of Jiyva.
  6908 | Lair:4   | Found a staircase to the Slime Pits.
  6919 | Lair:4   | Noticed Snorg
  6932 | Lair:4   | Killed Snorg
  6977 | Gauntlet | Entered a Gauntlet
  6977 | Gauntlet | Found a transporter.
  6977 | Gauntlet | Found a transporter.
  6977 | Gauntlet | Found a transporter.
  6978 | Gauntlet | Found a transporter.
  6982 | Gauntlet | Found a transporter.
  6987 | Gauntlet | Found a transporter.
  6988 | Gauntlet | Found a transporter.
  6990 | Gauntlet | Found a transporter.
  6991 | Gauntlet | Found a transporter.
  6993 | Gauntlet | Found a transporter.
  6995 | Gauntlet | Noticed a balrug
  6999 | Gauntlet | Noticed a green death
  7001 | Gauntlet | Found the +2 Maxwell's thermic engine {flame, freeze, rev}
  7002 | Gauntlet | Found a transporter.
  7005 | Gauntlet | Found a transporter.
  7010 | Gauntlet | Found a runed translucent door.
  7299 | Gauntlet | Killed a balrug
  7337 | Gauntlet | Noticed a minotaur
  7343 | Gauntlet | Killed a minotaur
  7389 | Lair:4   | Reached XP level 15. HP: 131/134 MP: 9/29
  7437 | Lair:5   | Entered Level 5 of the Lair of Beasts
  7567 | Lair:3   | Found a staircase to the Shoals.
  7689 | Lair:4   | Reached skill level 1 in Staves
  7748 | Lair:5   | Upgraded the game from 0.30-a0-1161-g0704695555 to
                  | 0.30-a0-1163-gf69bf04e7a
  8188 | Lair:5   | Offered knowledge of Conjure Ball Lightning by Vehumet.
  8275 | Lair:5   | Reached skill level 10 in Spellcasting
  8539 | Lair:5   | Found a corrupted altar of Lugonu.
  8539 | Lair:5   | Found a one-way gate to the infinite horrors of the Abyss.
  8556 | Lair:5   | Identified the +4 scale mail of the Hidden Vale {rF+ rCorr}
  8842 | Orc:1    | Entered Level 1 of the Orcish Mines
  8900 | Orc:1    | Reached XP level 16. HP: 116/144 MP: 31/31
  9018 | Orc:2    | Entered Level 2 of the Orcish Mines
  9190 | Orc:2    | Found a staircase to the Elven Halls.
  9201 | Orc:2    | Reached skill level 5 in Staves
  9366 | Orc:2    | Offered knowledge of Ozocubu's Refrigeration by Vehumet.
  9587 | Orc:2    | Noticed Azrael
  9591 | Orc:2    | Killed Azrael
  9704 | Orc:2    | Reached ****** piety under Vehumet
  9869 | D:15     | Entered Level 15 of the Dungeon
  9935 | D:15     | Found Wiaff's General Store.
 10002 | D:15     | Found a staircase to the Depths.
 10263 | D:15     | Noticed Kirke
 10273 | D:15     | Reached skill level 10 in Short Blades
 10308 | D:15     | Noticed a sphinx
 10313 | D:15     | Killed Kirke
 10413 | D:15     | Found a portal to a secret trove of treasure.
 10760 | D:13     | Reached XP level 17. HP: 144/152 MP: 32/32
 10866 | D:13     | Identified the +7 chain mail of the Seven Tales {Harm rElec
                  | Str-4 Slay+3}
 10914 | D:13     | Offered knowledge of Lee's Rapid Deconstruction by Vehumet.
 11013 | D:13     | Found a gate to the Vaults.
 11233 | D:10     | Bought an amulet of regeneration for 390 gold pieces
 11266 | D:9      | Bought a scroll of summoning for 114 gold pieces
 11266 | D:9      | Bought a scroll of teleportation for 36 gold pieces
 11266 | D:9      | Bought a scroll of blinking for 90 gold pieces
 11266 | D:9      | Bought a scroll of fear for 48 gold pieces
 11292 | D:9      | Bought a +0 helmet of see invisible for 149 gold pieces
 11315 | D:10     | Bought a potion of mutation for 128 gold pieces
 11315 | D:10     | Bought a potion of heal wounds for 80 gold pieces
 11448 | Snake:1  | Entered Level 1 of the Snake Pit
 11528 | Snake:1  | Reached skill level 15 in Conjurations
 11549 | Snake:1  | Reached skill level 15 in Earth Magic
 11674 | Snake:3  | Learned a level 5 spell: Lee's Rapid Deconstruction
 11778 | Snake:2  | Reached skill level 15 in Fighting
 11810 | Snake:4  | Entered Level 4 of the Snake Pit
 11842 | Snake:4  | Found Kirph's Jewellery Shop.
 11861 | Snake:4  | Reached skill level 10 in Staves
 11945 | Snake:4  | Identified the +2 great sword of Might {spect, *Noise rPois
                  | Str+8 Int+3}
 12051 | Snake:4  | Noticed a nagaraja
 12056 | Snake:4  | Killed a nagaraja
 12156 | Snake:4  | Noticed a nagaraja
 12161 | Snake:4  | Killed a nagaraja
 12181 | Snake:4  | Noticed a nagaraja
 12241 | Snake:4  | Gained mutation: You passively map a large area around you.
                  | [Meteoran growth]
 12241 | Snake:4  | Reached XP level 18. HP: 163/163 MP: 33/34
 12458 | Snake:4  | Got a serpentine rune of Zot
 12586 | Snake:4  | Found Kutaob's Jewellery Shoppe.
 12898 | Snake:3  | Offered knowledge of Iskenderun's Battlesphere by Vehumet.
 12988 | Snake:3  | Reached skill level 5 in Throwing
 13026 | Snake:2  | Identified the +0 scale mail of Ynnog {rCorr Dex-2 Stlth+}
 13085 | Snake:2  | Noticed Saint Roka
 13093 | Snake:2  | Killed Saint Roka
 13214 | Lair:3   | Upgraded the game from 0.30-a0-1163-gf69bf04e7a to
                  | 0.31-a0-1-g4198be8af4
 13261 | Shoals:1 | Entered Level 1 of the Shoals
 13410 | Shoals:1 | Identified the +1 leather armour of Whack-A-Mole {Dex+3}
 13468 | Shoals:1 | Learned a level 5 spell: Iskenderun's Battlesphere
 13484 | Shoals:1 | Noticed Roxanne
 13509 | Shoals:2 | Noticed Ilsuiw
 13518 | Shoals:2 | Killed Ilsuiw
 13551 | Shoals:3 | Noticed Polyphemus
 13559 | Shoals:3 | Killed Polyphemus
 13560 | Shoals:3 | Reached XP level 19. HP: 172/172 MP: 18/36
 13677 | Shoals:3 | Noticed Jorgrun
 13683 | Shoals:3 | Killed Jorgrun
 13691 | Shoals:3 | Noticed Mara
 13698 | Shoals:3 | Noticed tilp's illusion
 13699 | Shoals:3 | Killed Mara
 13706 | Shoals:3 | Found a transporter.
 13875 | Shoals:3 | Found a transporter.
 13910 | Shoals:4 | Entered Level 4 of the Shoals
 13922 | Shoals:4 | Paralysed by an air elemental for 1 turns
 14023 | Shoals:4 | Offered knowledge of Orb of Destruction by Vehumet.
 14033 | Shoals:4 | Learned a level 7 spell: Orb of Destruction
 14073 | Shoals:4 | Identified the ring of Polytheism {rCorr Dex+2 Stlth+}
 14229 | Shoals:4 | Found the +6 lightning scales {swift, rElec}
 14250 | Shoals:4 | Got a barnacled rune of Zot
 14447 | Shoals:3 | Identified the staff of death "Kedem" {rN+ Will+ Stlth+}
 14448 | Shoals:3 | Identified the +2 cloak of Insurance {rC+}
 14531 | Shoals:2 | Noticed Louise
 14543 | Shoals:2 | Killed Louise
 14594 | Shoals:1 | Killed Roxanne
 15143 | Shoals:3 | Reached skill level 10 in Evocations
 15403 | Lair:1   | Reached XP level 20. HP: 180/180 MP: 32/38
 15499 | D:11     | Offered knowledge of Lehudib's Crystal Spear by Vehumet.
 15557 | D:11     | Identified the +0 scale mail of the Present {Will+ MP+9
                  | Int+3}
 15567 | D:11     | Learned a level 8 spell: Lehudib's Crystal Spear
 15764 | Vaults:1 | Entered Level 1 of the Vaults
 15884 | Vaults:1 | Found a crumbling gateway.
 15919 | Desolati | Entered the Desolation of Salt
 15997 | Desolati | Identified the +6 longbow of Disharmony {flame, rPois Int+6
                  | Dex+4}
 16028 | Desolati | Identified the +1 ring mail "Enesahiw" {rC++ Int+3}
 16336 | Vaults:2 | Noticed Nikola
 16343 | Vaults:2 | Killed Nikola
 16380 | Vaults:2 | Reached XP level 21. HP: 160/193 MP: 7/40
 16523 | Vaults:3 | Noticed Bai Suzhen
 16531 | Vaults:3 | Killed Bai Suzhen
 16585 | Vaults:3 | Reached skill level 15 in Spellcasting
 16597 | Vaults:3 | Found a magical portal.
 16605 | Vaults:3 | Upgraded the game from 0.31-a0-1-g4198be8af4 to
                  | 0.31-a0-4-gefa6de2278
 16613 | WizLab   | Entered Wucad Mu's Monastery
 16706 | WizLab   | Found the crystal ball of Wucad Mu {*channel}
 16765 | WizLab   | Reached XP level 22. HP: 202/202 MP: 36/42
 17313 | Depths:1 | Entered Level 1 of the Depths
 17349 | Depths:1 | Found a one-way gateway to a ziggurat.
 17349 | Depths:1 | Noticed a dread lich
 17349 | Depths:1 | Noticed an ancient lich
 17431 | Depths:1 | Offered knowledge of Fire Storm by Vehumet.
 17431 | Depths:1 | Offered knowledge of Chain Lightning by Vehumet.
 17431 | Depths:1 | Offered knowledge of Polar Vortex by Vehumet.
 17645 | Depths:1 | Noticed an ancient lich
 17657 | Depths:1 | HP: 4/203 [ice dragon/blast of cold (25)]
 17673 | Depths:1 | Killed from afar by a fire dragon

Illustrated notes

Levels and vault maps discovered:
D:1:      dpeg_arrival_houses_and_road, layout_basic,
          chequers_ecumenical_altar_lobes
D:2:      layout_loops_ring, minmay_hexomino_u4, uniq_natasha
D:3:      layout_loops_ring, gammafunk_ghost_split, uniq_jessica
D:4:      layout_cave_pods, tgw_xom, uniq_crazy_yiuf_cottage
D:5:      minmay_bubble_buster, layout_loops_ring, amcnicky_altar_gilded,
          minmay_temple_entry_statues_fountains, kennysheep_donut
D:6:      layout_cave_pods, serial_shops, nicolae_shop_behind_doors,
          uniq_duvessa
D:7:      layout_basic, grunt_qazlal_clouds, uniq_menkaure
D:8:      layout_cave_pods, mainiacjoe_overflow_catwalk,
          grunt_temple_overflow_open
D:9:      layout_rooms, mainiacjoe_overflow_alcove_1, serial_shops,
          nicolae_shop_overgrown_old_shop, nicolae_shop_hallway_plus, shop,
          nicolae_shop_stone, nicolae_shop_tiny_statue_garden, serial_curves,
          eino_curves_01, eino_curves_04, enter_bailey_2
D:10:     layout_long_grid, pf_just_have_faith, serial_shops, shop, shop, shop,
          nicolae_lakefront_shop, minmay_lizard_king, uniq_joseph
D:11:     minmay_sliced_demisemicircle, layout_gridville, david_lair_generic
D:12:     layout_irregular_city, orc_0_dummy
D:13:     minmay_skewed_foursquare, layout_loops_corners,
          hangedman_vaults_entry_quadrant_bands
D:14:     layout_basic, minivault_27
D:15:     gammafunk_depths_entry_grave, layout_small_grid, hex_medium,
          trove_entry_hex_spiral, serial_undead, serial_undead_b,
          serial_undead_c, serial_undead_d, serial_undead_e, serial_undead_b,
          serial_undead_e, serial_shops, nicolae_shop_crystal, uniq_kirke
Temple:   nicolae_temple_bog_church
Lair:1:   layout_regular_city
Lair:2:   layout_chaotic_city, minivault_23, infiniplex_staircase_pool,
          uniq_maggie, uniq_harold
Lair:3:   gammafunk_indiana_jones, layout_long_grid, elwin_shoals_entry_rooms,
          nicolae_snake_entry_warm_welcome, chequers_serial_rivers_large_a, pond
Lair:4:   layout_layer_cave, minmay_slime_entry_pillars, gauntlet_entry_generic,
          ldierk_geyser, nicolae_lair_run_with_the_wolves, uniq_snorg, uniq_urug
Lair:5:   hellmonk_lair_end_abyssal_woods, layout_regular_city,
          minmay_shattered_shrine
Shoals:1: layout_shoals, uniq_roxanne
Shoals:2: layout_shoals, st_cyclops, uniq_ilsuiw, uniq_louise
Shoals:3: gammafunk_sealed_arena, layout_shoals,
          nicolae_shoals_spring_well_temple, uniq_mlioglotl, uniq_mara,
          uniq_jorgrun, uniq_polyphemus
Shoals:4: shoals_end_hellmonk_storm_palace [storm_palace_center_circular,
          storm_palace_corner_pillars, storm_palace_corner_grid,
          storm_palace_corner_pillars, storm_palace_corner_altar]
Snake:1:  layout_basic, grunt_megastairs_5
Snake:2:  layout_layer_cave, nicolae_snake_gridmaze_big_u, uniq_saint_roka
Snake:3:  layout_cave_town, lemuel_fruit_tree
Snake:4:  minmay_snake_end_coiled, layout_cave_town, serial_shops,
          nicolae_shop_crystal, minmay_shop_enchanted_jewellery
Orc:1:    layout_diamond_mine
Orc:2:    st_orc_congregation, layout_caves, uniq_azrael
Vaults:1: portal_desolation_entry_salt, hangedman_vaults_stitches, st_lattice,
          v_misc_17, v_rooms_5, nicolae_vaults_lightning_bolt,
          nicolae_vaults_tetromino_Z_2, nicolae_vaults_closet_pinwheel_2,
          nicolae_vaults_little_squares_2, nicolae_vaults_house_3,
          vaults_room_boxed, hangedman_vaults_impose,
          nicolae_vaults_sightless_eye, nicolae_vaults_little_squares_6,
          vaults_room_corners, nicolae_vaults_house_1, layout_vaults_omnicross
Vaults:2: nicolae_vaults_you_can_take_it_with_you, v_misc_17, v_pattern_3,
          grunt_vaults_bifocal, nicolae_vaults_heart-shaped_vault,
          nicolae_vaults_trapezoid_lopsided_3, v_misc_31,
          nicolae_vaults_spaceships, grunt_vaults_funnel,
          nicolae_vaults_network_s, minmay_crypt_entry_skeletal_spiral,
          ontoclasm_vaults_loading_screen, nicolae_vaults_asterisk,
          nicolae_vaults_trapezoid_1, layout_vaults_omnibox, uniq_nikola
Vaults:3: mu_enter_wizlab_3, dpeg_vaults_monster_box, v_misc_3,
          nicolae_vaults_frosty_reception, nicolae_vaults_prndl,
          nicolae_vaults_closet_pinwheel_1, v_misc_33,
          nicolae_vaults_double_plus_1, layout_vaults_omnigrid, uniq_donald,
          uniq_boris, uniq_bai_suzhen
Vaults:4: vaults_mumra_minichess, nicolae_vaults_ring_of_whatevers,
          nicolae_vaults_diamond_1, nicolae_vaults_surprise_closet, v_misc_33,
          nicolae_vaults_prndl, nicolae_vaults_tetromino_L_2, v_misc_24,
          hangedman_vaults_variations, v_rooms_1, layout_vaults_chaotic_city,
          serial_shops, nicolae_shop_rolling_square
Depths:1: layout_cave_shapes, enter_ziggurat_d, serial_co_window_serial,
          co_window_paths_a, co_window_paths_a, co_window_paths_b,
          co_window_of_opportunity_a, co_window_paths_a, co_window_corner_ca,
          co_window_2corner, co_window_2corner, co_window_4corner_a,
          glass_columns_a, grunt_hell_horde

Skill      XL: |  1  2  3  4  5  6  7  8  9 10 11 12 13 14 15 16 17 18 19 20 21 22 |
---------------+-------------------------------------------------------------------+-----
Fighting       | 1 2 3 4 8 9 12 13 14 15 16 17 18 | 18.5
Earth Magic    | 4 5 7 8 9 10 12 13 14 15 16 17 18 | 18.3
Spellcasting   | 3 4 5 7 8 9 10 11 12 13 14 15 | 15.2
Short Blades   | 1 2 3 4 6 7 9 10 | 10.0
Dodging        | 3 4 6 8 |  8.4
Throwing       | 1 2 3 4 5 6 |  6.4
Conjurations   | 1 2 3 5 8 9 10 12 13 14 15 16 17 18 | 18.4
Summonings     | 2 3 |  3.0
Evocations     | 1 5 6 7 8 9 10 11 12 | 12.2
Armour         | 1 4 5 |  5.6
Ice Magic      | 2 3 4 |  4.0
Air Magic      | 2 3 4 |  4.0
Hexes          | 2 3 4 |  4.0
Staves         | 4 7 12 | 12.3
Stealth        | |  1.4
Transmutations | |  1.2

Action                     |  1- 3 |  4- 6 |  7- 9 | 10-12 | 13-15 | 16-18 | 19-21 | 22-24 || total
---------------------------+-------+-------+-------+-------+-------+-------+-------+-------++-------
  Melee: Mace              |     1 |       |       |       |       |       |       |       ||     1
         Dagger            |     6 |    62 |    65 |    75 |    79 |       |       |       ||   287
         Punch             |       |       |       |     2 |     1 |       |       |       ||     3
         Staff             |       |       |       |       |    44 |   154 |    54 |    17 ||   269
  Throw: Dart              |       |       |       |       |       |     4 |       |       ||     4
   Cast: Sandblast         |    30 |    14 |    13 |    31 |     4 |     2 |       |       ||    94
         Stone Arrow       |       |     1 |    68 |   130 |   301 |   162 |    79 |    12 ||   753
         Animate Armour    |       |       |     1 |     2 |       |     1 |       |       ||     4
         Iron Shot         |       |       |       |     5 |    82 |   267 |   305 |    60 ||   719
         Fulminant Prism   |       |       |       |     1 |     2 |     8 |       |       ||    11
         Freezing Cloud    |       |       |       |       |    23 |    49 |    23 |     7 ||   102
         Iskenderun's Batt |       |       |       |       |       |     5 |    28 |       ||    33
         Lee's Rapid Decon |       |       |       |       |       |     1 |     3 |     1 ||     5
         Orb of Destructio |       |       |       |       |       |       |     1 |       ||     1
         Lehudib's Crystal |       |       |       |       |       |       |       |     1 ||     1
  Evoke: Wand              |       |       |       |     4 |       |     6 |     7 |       ||    17
         Box of beasts     |       |       |       |       |       |     1 |     2 |       ||     3
         Phial of floods   |       |       |       |       |       |       |     2 |       ||     2
         Condenser vane    |       |       |       |       |       |       |     2 |       ||     2
    Use: Scroll            |     8 |     3 |     7 |     6 |    10 |     3 |     7 |     1 ||    45
         Potion            |       |       |       |     1 |     2 |     1 |     6 |     1 ||    11
   Stab: Distracted        |       |     1 |       |       |       |       |       |       ||     1
 Armour: Robe              |     5 |    15 |    30 |    63 |   118 |       |    72 |    19 ||   322
         Leather armour    |       |       |       |       |    70 |   222 |    69 |       ||   361
  Dodge: Dodged            |     6 |    43 |    61 |   111 |   250 |   265 |   143 |    19 ||   898
  Block: Buckler           |       |       |       |       |       |    34 |    34 |       ||    68

Table legend: (Time is in decaauts)
 A = Elapsed time spent in this place.
 B = Non-inter-level travel time spent in this place.
 C = Inter-level travel time spent in this place.
 D = Time resting spent in this place.
 E = Time spent auto-exploring this place.
 F = Levels seen in this place.
 G = Mean time per level.
                   A        B        C        D        E       F      G
               +--------+--------+--------+--------+--------+-----+--------+
         Total |  17835 |  14931 |   2904 |    587 |     12 |  40 |  445.9 |
       Dungeon |   7624 |   6131 |   1493 |    226 |      0 |  15 |  508.3 |
        Temple |     49 |     37 |     12 |      0 |      0 |   1 |   49.0 |
          Lair |   2891 |   2312 |    579 |     61 |      0 |   5 |  578.2 |
        Shoals |   2068 |   1645 |    423 |      4 |      0 |   4 |  517.0 |
     Snake Pit |   1765 |   1636 |    129 |     66 |      0 |   4 |  441.2 |
  Orcish Mines |    935 |    871 |     64 |    144 |      0 |   2 |  467.5 |
        Vaults |    945 |    781 |    164 |      9 |      0 |   4 |  236.2 |
        Depths |    358 |    320 |     38 |      0 |      0 |   1 |  358.0 |
        Bailey |    345 |    345 |      0 |      0 |     12 |   1 |  345.0 |
        Wizlab |    227 |    227 |      0 |      0 |      0 |   1 |  227.0 |
    Desolation |    237 |    237 |      0 |      0 |      0 |   1 |  237.0 |
      Gauntlet |    386 |    386 |      0 |     77 |      0 |   1 |  386.0 |
               +--------+--------+--------+--------+--------+-----+--------+

Top non-repeatable levels by time:
  Lair:5: 948 daAuts
    D:11: 840 daAuts
 Snake:4: 821 daAuts
    D:10: 786 daAuts
    D:12: 776 daAuts
  Lair:3: 743 daAuts
     D:4: 711 daAuts
    D:13: 666 daAuts
    D:15: 640 daAuts
  Lair:2: 582 daAuts
 Snake:3: 574 daAuts
Shoals:3: 553 daAuts
     D:8: 551 daAuts
Shoals:2: 546 daAuts
   Orc:2: 536 daAuts
